 Dungeon Crawl Stone Soup version 0.19.4-8-ga85b6b9 (webtiles) character file.

44 empire the Skirmisher (level 3, -4/29 HPs)
             Began as a Mummy Fighter on Feb 13, 2017.
             Was an Initiate of Gozag.
             Slain by a gnoll
             ... wielding a +0 spear
              (6 damage)
             ... on level 2 of the Dungeon.
             The game lasted 00:02:32 (1291 turns).

empire the Skirmisher (Mummy Fighter)               Turns: 1291, Time: 00:02:32

Health: -4/29      AC:  6    Str: 20    XL:     3   Next: 41%
Magic:  3/3        EV:  7    Int:  7    God:    Gozag
Gold:   167        SH:  9    Dex: 11    Spells: 0 memorised, 2 levels left

rFire  x . .     SeeInvis .     a - +0 war axe
rCold  + . .     Gourm    .     b - +0 scale mail
rNeg   + + +     Faith    .     c - +0 shield
rPois  ∞         Spirit   .     (no helmet)
rElec  .         Reflect  .     (no cloak)
rCorr  .         Harm     .     (no gloves)
MR     .....                    (no boots)
Stlth  ..........               (no amulet)
                                (no ring)
                                (no ring)

@: gold aura
A: no food or potions, fire vulnerability, cold resistance 1, negative energy
resistance 3, torment resistance, unbreathing
a: Potion Petition, Call Merchant, Bribe Branch, Renounce Religion


You were on level 2 of the Dungeon.
You worshipped Gozag.
Gozag was aware of your devotion.
You were not hungry.

You visited 1 branch of the dungeon, and saw 3 of its levels.

You collected 176 gold pieces.
You paid 9 gold pieces to Gozag.

Inventory:

Hand Weapons
 a - a +0 war axe (weapon)
Armour
 b - a +0 scale mail (worn)
 c - a +0 shield (worn)
Jewellery
 g - a +2 ring of dexterity {unknown}
Scrolls
 d - a scroll of identify {unknown}
 e - 2 scrolls of noise {unknown}
 f - a scroll of blinking {unknown}
 h - a scroll of amnesia {unknown}
 i - a scroll of teleportation {unknown}


   Skills:
 + Level 3.2 Fighting
 * Level 2.4 Axes
 + Level 2.7 Armour
 + Level 2.7 Shields


You had 2 spell levels left.
You didn't know any spells.

Dungeon Overview and Level Annotations

Branches:
Dungeon (3/15)

Altars:
Gozag
Kikubaaqudgha


Innate Abilities, Weirdness & Mutations

You do not eat or drink.
Your flesh is vulnerable to fire.
You are immune to poison.
Your flesh is cold resistant. (rC+)
You are immune to negative energy. (rN+++)
You are immune to unholy pain and torment.
You can survive without breathing.


Message History

The gnoll barely misses you. The adder bites you.
You hit the gnoll.
The gnoll is moderately wounded.
You closely miss the adder. The gnoll hits you with a spear.
You block the adder's attack. The gnoll hits you with a spear.
You closely miss the gnoll.
The gnoll is moderately wounded.
You hit the adder. The adder bites you but does no damage.
The gnoll hits you with a spear.
* * * LOW HITPOINT WARNING * * *
The adder is distracted by the nearby gold.
You barely miss the gnoll.
The gnoll is moderately wounded.
You hit the adder.
The adder is no longer distracted by gold.
You block the adder's attack. The gnoll hits you with a spear.
* * * LOW HITPOINT WARNING * * *
The adder barely misses you. The gnoll hits you with a spear.
You die...
Your body crumbles into a pile of gold.

#..#.#.#.#.##.#.######.##.#.#.
..............................
....#..........#.######.##.##..
.............................(.>
##...####.#.#.#....######.#####..
#.#.#.#.#### #.# #.. #
#.#.#.#########.# ##.
#.#.#............ #.
#.#$@S........ #. #..g...... #.
#......... #. #....(.... ..
#........( .<........ ##........
##### ......#.# #...#


You could see a gnoll and an adder.

Vanquished Creatures
  A gnoll (D:3)
  An ooze (D:1)
  4 orcs (D:3)
  4 giant cockroaches
  A goblin (D:1)
  3 hobgoblins
  6 kobolds
  2 bats
  A frilled lizard (D:2)
  3 rats
26 creatures vanquished.

Notes
Turn   | Place    | Note
-------+----------+-------------------------------------------
     0 | D:1      | empire the Mummy Fighter began the quest for the Orb.
     0 | D:1      | Reached XP level 1. HP: 18/18 MP: 1/1
   326 | D:1      | Reached XP level 2. HP: 24/24 MP: 2/2
   559 | D:2      | Found an opulent altar of Gozag.
   570 | D:2      | Became a worshipper of Gozag Ym Sagoz the Greedy
   708 | D:2      | HP: 1/24 [gnoll/flail (9)]
   978 | D:3      | Reached XP level 3. HP: 27/29 MP: 3/3
  1013 | D:3      | Found an ancient bone altar of Kikubaaqudgha.
  1291 | D:2      | Slain by a gnoll

Skill      XL: |  1  2 |
---------------+-------+-----
Axes           | 2 |  2.4
Fighting       | |  3.2
Armour         | |  2.7
Shields        | |  2.7

Action                   || total
-------------------------++-------
Melee: War axe           ||    75
Invok: Potion Petition   ||     1
Armor: Scale mail        ||    44
Dodge: Dodged            ||    32
Block: Shield            ||    60
